 Dungeon Crawl Stone Soup version 0.29.1-2-gbd0b4ee654 (webtiles) character file.

Game seed: 18352268858458705212

2499 LustLizard the Skirmisher (level 9, -1/46 HPs)
             Began as a Spriggan Hunter on Oct 26, 2022.
             Succumbed to a killer bee's poison
             ... on level 7 of the Dungeon.
             The game lasted 00:15:15 (7818 turns).

LustLizard the Skirmisher (Spriggan Hunter)         Turns: 7818, Time: 00:15:16

Health: -1/46      AC:  2    Str:  7    XL:     9   Next: 28%
Magic:  10/10      EV: 18    Int: 13    God:
Gold:   289        SH:  0    Dex: 20    Spells: 5/8 levels left

rFire   + . .      SeeInvis +   t - +4 whip of Ziytwinu {flame, rF+ Will++}
rCold   . . .      Faith    .   (no shield)
rNeg    . . .      Spirit   .   c - +0 robe
rPois   .          Reflect  .   (helmet restricted)
rElec   .          Harm     .   (no cloak)
rCorr   .          Rampage  .   (gloves unavailable)
Will    +++..                   (boots unavailable)
Stlth   ++++......              (no amulet)
HPRegen 0.15/turn               (no ring)
MPRegen 0.12/turn               (no ring)

@: mighty, brilliant, lethally poisoned (-1 -> -15), very quick
A: very small, no large weapons, unfitting armour, see invisible, speed 3
a: no special abilities


You were on level 7 of the Dungeon.
You visited 1 branch of the dungeon, and saw 7 of its levels.

You collected 289 gold pieces.

Inventory:

Hand Weapons
 a - a +0 shortbow
 t - the +4 whip of Ziytwinu (weapon) {flame, rF+ Will++}
   (You found it on level 4 of the Dungeon)

   It burns those it strikes, dealing additional fire damage.
   rF:        It protects you from fire.
   Will:      It greatly increases your willpower.
Armour
 c - a +0 robe (worn)
Jewellery
 l - a +6 ring of strength
Wands
 i - a wand of flame (12)
 s - a wand of charming (8)
Scrolls
 b - a scroll of immolation
 d - 3 scrolls of noise {unknown}
 e - 3 scrolls of blinking {unknown}
 j - a scroll of amnesia {unknown}
 m - a scroll of torment {unknown}
 n - a scroll of teleportation
 q - 3 scrolls of vulnerability {unknown}
 u - a scroll of magic mapping {unknown}
Potions
 g - a potion of mutation
 h - 4 potions of degeneration
 k - a potion of magic
 p - 3 potions of attraction


   Skills:
 + Level 4.6 Fighting
 * Level 8.5 Ranged Weapons
 - Level 2.6 Dodging
 + Level 8.2 Stealth
 + Level 2.7 Conjurations
 + Level 3.3 Air Magic
 + Level 3.6 Poison Magic


You had 5 spell levels left.
You knew the following spells:

 Your Spells              Type           Power      Damage    Failure   Level
a - Mephitic Cloud        Conj/Pois/Air  12%        N/A       24%         3

Your spell library contained the following spells:

 Spells                   Type           Power      Damage    Failure   Level
 Magic Dart               Conj           40%        1d5       10%         1
 Swiftness                Air            13%        N/A       24%         3
 Freeze                   Ice            0%         1d3       30%         1
 Call Imp                 Summ           0%         N/A       43%         2
 Ensorcelled Hibernation  Hex/Ice        0%         N/A       43%         2
 Passwall                 Tmut/Erth      0%         N/A       43%         2
 Frozen Ramparts          Ice            0%         1d1       67%         3
 Gell's Gravitas          Tloc           0%         N/A       67%         3
 Lesser Beckoning         Tloc           0%         N/A       67%         3
 Teleport Other           Tloc           0%         N/A       67%         3
 Hailstorm                Conj/Ice       5%         3d4       87%         4
 Summon Forest            Summ/Tloc      0%         N/A       100%        5
 Eringya's Noxious Bog    Tmut/Pois      3%         N/A       100%        6
 Summon Hydra             Summ           0%         N/A       100%        7


Dungeon Overview and Level Annotations

Branches:
Dungeon (7/15)
 Temple: D:4-7

Altars:
Elyvilon
Hepliaklqana
Makhleb
Nemelex Xobeh
Yredelemnul

Shops:
D:4 :

Annotations:
D:5 1 transporter, miserystealer's ghost, amateur HuBe


Innate Abilities, Weirdness & Mutations

You are very small and have problems with some larger weapons.
You are too small for most types of armour.
You have supernaturally acute eyesight. (SInv)
You cover ground extremely quickly. (Speed+++)


Message History

The killer bee poisons you!
You shoot an arrow. The arrow hits the killer bee.
The killer bee is lightly wounded.
You feel very sick. The killer bee barely misses you. x2
You shoot an arrow. The arrow hits the killer bee.
The killer bee is moderately wounded.
You feel sick.
The killer bee completely misses you. x2
The killer bee stings you!
You are more poisoned.
The killer bee poisons you!
You are too injured to fight recklessly!
You are too injured to fight recklessly!
You are too injured to fight recklessly!
It was a potion of brilliance.
You feel clever all of a sudden.
You feel very sick. The killer bee completely misses you.
The killer bee misses you.
You feel very mighty all of a sudden.
You feel very sick. The killer bee stings you.
* * * LOW HITPOINT WARNING * * *
The killer bee stings you.
* * * LOW HITPOINT WARNING * * *
You are more poisoned.
The killer bee poisons you!
The +4 whip of Ziytwinu {flame, rF+ Will++} bursts into flame!
t - the +4 whip of Ziytwinu (weapon)
{flame, rF+ Will++}
* * * LOW HITPOINT WARNING * * *
You feel sick. The killer bee barely misses you.
Unknown command.
You barely miss the killer bee.
The killer bee is moderately wounded.
* * * LOW HITPOINT WARNING * * *
You feel very sick. The killer bee closely misses you.
The killer bee stings you but does no damage.
You completely miss the killer bee.
The killer bee is moderately wounded.
You die...

#. .. #.#.# ...
##.#.# ....
#....###..........#
#....##...........##
#...........$......
#..$..............
#..@†...........#
#...y#...#.....##.#.
##..## .###........
#..## ##...#
#..##..##...##...
#..##...y<.....#
#..#........##....
#...........# ...
.............. ..


You could see a killer bee.

Vanquished Creatures
  Pikel (D:6)
  A human (D:3)
  2 water moccasins (D:5)
  2 sky beasts
  3 black bears
  An ice beast (D:5)
  2 ogres
  A centaur (D:6)
  A lemure (D:6)
  A kobold brigand (D:6)
  2 necrophages
  A gnoll sergeant (D:6)
  2 scorpions
  A killer bee (D:6)
  2 jellies
  2 hounds (D:6)
  3 orc priests
  An iguana (D:5)
  Natasha (thrice) (D:3)
  7 adders
  4 gnolls
  2 worms
  2 dart slugs (D:1)
  16 orcs
  3 bats (D:3)
  11 endoplasms
  5 giant cockroaches
  12 goblins
  7 hobgoblins
  16 jackals
  7 quokkas
  3 ball pythons
  4 frilled lizards
  A goblin zombie (D:3)
  9 kobolds
  9 rats
150 creatures vanquished.

Vanquished Creatures (others)
  A kobold (D:3)
1 creature vanquished.

Grand Total: 151 creatures vanquished

Notes
Turn   | Place    | Note
-------+----------+-------------------------------------------
     0 | D:1      | LustLizard the Spriggan Hunter began the quest for the Orb.
     0 | D:1      | Reached XP level 1. HP: 10/10 MP: 2/2
   110 | D:1      | Reached XP level 2. HP: 7/15 MP: 3/3
   463 | D:1      | Reached XP level 3. HP: 8/18 MP: 4/4
  1468 | D:2      | Reached XP level 4. HP: 23/23 MP: 5/5
  1536 | D:2      | Reached skill level 5 in Ranged Weapons
  1694 | D:2      | Found a burning altar of Makhleb.
  1843 | D:3      | Noticed a human
  1844 | D:3      | Found a runed translucent door.
  1851 | D:3      | Noticed Natasha
  1853 | D:3      | Found a basalt altar of Yredelemnul.
  1886 | D:3      | Killed Natasha
  2120 | D:3      | Killed a human
  2121 | D:3      | Reached XP level 5. HP: 28/28 MP: 6/6
  2180 | D:3      | Reached XP level 6. HP: 32/32 MP: 7/7
  2233 | D:3      | Reached skill level 5 in Stealth
  2244 | D:3      | Learned a level 3 spell: Mephitic Cloud
  2371 | D:3      | Found a hazy altar of Hepliaklqana.
  2381 | D:3      | Found a sparkling altar of Nemelex Xobeh.
  2475 | D:3      | Noticed Natasha
  2486 | D:3      | Killed Natasha
  2710 | D:3      | Noticed Natasha
  2715 | D:3      | Killed Natasha
  2816 | D:4      | Reached XP level 7. HP: 36/36 MP: 8/8
  3050 | D:4      | Reached skill level 1 in Poison Magic
  3222 | D:4      | Reached skill level 1 in Air Magic
  3301 | D:4      | Reached skill level 1 in Conjurations
  3617 | D:4      | Identified the +4 whip of Ziytwinu {flame, rF+ Will++}
  3737 | D:4      | Found Xypoicek's Book Shop.
  3940 | D:5      | Entered Level 5 of the Dungeon
  4691 | D:5      | Reached XP level 8. HP: 42/42 MP: 9/9
  4852 | D:5      | Noticed miserystealer's ghost (amateur HuBe)
  4853 | D:5      | Found a transporter.
  4861 | D:5      | Identified the +9 giant spiked club of the Other Side
                  | {elec, *Rage Will++ Int+3}
  5292 | D:5      | Found a white marble altar of Elyvilon.
  6237 | D:6      | Noticed Pikel
  7198 | D:6      | Reached XP level 9. HP: 21/46 MP: 10/10
  7493 | D:6      | Killed Pikel
  7818 | D:7      | Succumbed to a killer bee's poison

Illustrated notes

Levels and vault maps discovered:
D:1:      dpeg_arrival_line_fractal, layout_loops_ring
D:2:      layout_basic, basic_altar
D:3:      layout_basic, dk_yredelemnul_ordeal, nicolae_overflow_squiral,
          solitary_fountain, uniq_natasha
D:4:      layout_loops_ring, serial_shops, nicolae_shop_advertising_works
          [nicolae_subvault_shop_adworks], solitary_fountain
D:5:      layout_basic, marbit_many_paths, gammafunk_ghost_smash,
          hangedman_decor_riveting
D:6:      layout_loops_cross, uniq_pikel
D:7:      layout_rooms, lightli_temple_of_fire, minmay_temple_entry_grid

Skill      XL: |  1  2  3  4  5  6  7  8  9 |
---------------+----------------------------+-----
Stealth        | 2 3 4 5 6 7 8 |  8.2
Fighting       | 2 3 4 |  4.6
Ranged Weapons | 5 6 7 8 |  8.5
Poison Magic   | 2 3 |  3.6
Air Magic      | 1 3 |  3.3
Conjurations   | 1 2 |  2.7
Dodging        | |  2.6

Action                   |  1- 3 |  4- 6 |  7- 9 || total
-------------------------+-------+-------+-------++-------
Melee: Whip              |       |       |     5 ||     5
 Fire: Shortbow          |    90 |   159 |   354 ||   603
  Use: Scroll            |     3 |       |     5 ||     8
       Potion            |       |       |     9 ||     9
Armor: Robe              |     4 |     3 |    10 ||    17
Dodge: Dodged            |    14 |    36 |   136 ||   186
